 Dungeon Crawl Stone Soup version 0.31-a0-246-g8cbcc1cb85 (webtiles) character file.

Game seed: 17004177757807895010

259 qw the Shooter (level 6, -17/37 HPs)
             Began as a Gargoyle Hexslinger on July 12, 2023.
             Demolished by an ogre
             ... wielding a +0 giant club
              (19 damage)
             ... on level 4 of the Dungeon.
             The game lasted 00:00:59 (2720 turns).

qw the Shooter (Gargoyle Hexslinger)                Turns: 2720, Time: 00:01:00

Health: -17/37     AC: 10    Str: 12    XL:     6   Next: 17%
Magic:  0/7        EV: 11    Int: 13    God:
Gold:   199        SH:  0    Dex: 19    Spells: 6/7 levels left

rFire   . . .        Y - +2 sling
rCold   x . .        (no shield)
rNeg    + . .        d - +0 ring mail
rPois   inf          h - +0 helmet
rElec   +            (no cloak)
rCorr   .            (no gloves)
SInv    .            (no boots)
Will    .....        a - amulet "Xon Genkost" {Spirit rC- Dex+5}
Stlth   +            (no ring)
HPRegen 0.26/turn    (no ring)
MPRegen 0.10/turn

%: guardian spirit
@: about to teleport
A: sickness immunity, AC +4, negative energy resistance 1, electricity
resistance, torment resistance 1, petrification resistance
a: no special abilities


You were on level 4 of the Dungeon.
You visited 1 branch of the dungeon, and saw 4 of its levels.

You collected 199 gold pieces.


Innate Abilities, Weirdness & Mutations

You are immune to sickness and miasma.
Your stone body is resilient. (AC +4)
You are immune to poison.
You resist negative energy. (rN+)
You are resistant to electric shocks. (rElec)
You are resistant to unholy torment.
You are immune to petrification.


   Skills:
 - Level 3.1 Fighting
 + Level 5.4 Ranged Weapons
 - Level 1.3 Armour
 - Level 1.5 Dodging
 - Level 1.0 Spellcasting
 - Level 2.6 Hexes


You had 6 spell levels left.
You knew the following spells:

 Your Spells              Type           Power      Damage    Failure   Level
a - Slow                  Hex            28%        N/A       21%         1

Your spell library contained the following spells:

 Spells                   Type           Power      Damage    Failure   Level
 Inner Flame              Hex/Fire       4%         N/A       71%         3
 Portal Projectile        Hex/Tloc       8%         N/A       71%         3
 Cause Fear               Hex            3%         N/A       90%         4

Inventory:

Hand Weapons
 Y - a +2 sling (weapon)
Armour
 d - a +0 ring mail (worn)
 h - a +0 helmet (worn)
Jewellery
 a - the amulet "Xon Genkost" (around neck) {Spirit rC- Dex+5}
   (You acquired it on level 2 of the Dungeon)

   [amulet of guardian spirit]

   It causes incoming damage to be divided between your reserves of health and
   magic.
   Dex:       It affects your dexterity (+5).
   rC:        It makes you vulnerable to cold.
 l - a ring of positive energy
Scrolls
 f - a scroll of noise {unknown}
 g - 3 scrolls of identify
 k - 2 scrolls of teleportation
Potions
 b - a potion of curing
 c - a potion of degeneration {unknown}
 e - a potion of invisibility {unknown}
 i - a potion of ambrosia {unknown}
 j - a potion of might {unknown}

Dungeon Overview and Level Annotations

Branches:
Dungeon (4/15)
 Temple: D:4-7

Altars:


Message History

Enter note:
Enter note:
Enter note:
Enter note: An ogre comes into view. It is wielding a +0 giant club.
The ogre shouts!
You hear an angry hiss.
Enter note:
Enter note:
Enter note:
Enter note:
Enter note:
Enter note: You shoot a sling bullet.
The sling bullet hits the ogre but does no damage.
You shoot a sling bullet.
The sling bullet hits the ogre but does no damage.
You shoot a sling bullet. The sling bullet hits the ogre.
The ogre is lightly wounded.
The ogre closely misses you.
A ball python comes into view.
You shoot a sling bullet. The sling bullet hits the ogre.
The ogre is moderately wounded.
The ogre barely misses you.
You shoot a sling bullet. The sling bullet hits the ogre!
The ogre is severely wounded.
The ogre hits you with a +0 giant club!!
Ouch! That really hurt!
You shoot a sling bullet. The sling bullet hits the ogre.
The ogre is almost dead.
You shoot a sling bullet.
The sling bullet barely misses the ogre.
The sling bullet hits the ball python.
The ball python is severely wounded.
The ogre hits you with a +0 giant club!!
2720 ||| READING 3 scrolls of teleportation.
As you read the scroll of teleportation, it crumbles to dust.
You feel strangely unstable.
The ogre hits you with a +0 giant club!!
Ouch! That really hurt!
You die...

# ##..#######
#########
#>..SO@...#
#........
......####.#
#.#######
..... #.# #.#
.... #.## #.#
### ... #..#
#.# #.. ##
##.# #.# #.#
####.##.####.#
#.#
..........##.#
#.#
####.###..##.#
#.#


You could see an ogre and a ball python.

Vanquished Creatures
  2 orc priests (D:3)
  An iguana (D:3)
  An orc wizard (D:3)
  5 gnolls
  4 adders
  A dart slug (D:2)
  6 orcs
  4 ball pythons
  7 bats
  3 endoplasms
  4 goblins
  6 hobgoblins
  2 jackals (D:2)
  2 quokkas
  4 frilled lizards
  6 kobolds
  6 rats
64 creatures vanquished.

Notes
Turn   | Place    | Note
-------+----------+-------------------------------------------
     0 | D:1      | qw the Gargoyle Hexslinger began the quest for the Orb.
     0 | D:1      | Reached XP level 1. HP: 12/12 MP: 2/2
     0 | D:1      | 0 ||| qw: Version: 0.3-a-52-g30416fa
     0 | D:1      | 0 ||| qw: Game counter: 6478
     0 | D:1      | 0 ||| qw: Melee chars always use a shield: true
     0 | D:1      | 0 ||| qw: God list: Okawaru
     0 | D:1      | 0 ||| qw: Allow faded altars: false
     0 | D:1      | 0 ||| qw: Do Orc after clearing Dungeon:15 true
     0 | D:1      | 0 ||| qw: Do second Lair branch before Depths: true
     0 | D:1      | 0 ||| qw: Lair rune preference: random
     0 | D:1      | 0 ||| qw: Goals: Normal
     0 | D:1      | 0 ||| PLANNING D:1-11
   279 | D:1      | Reached skill level 3 in Ranged Weapons
   279 | D:1      | Reached XP level 2. HP: 16/16 MP: 3/3
   579 | D:1      | 579 ||| UPGRADING to +0 ring mail.
   589 | D:1      | 589 ||| DROPPING +0 robe.
   590 | D:1      | 590 ||| UPGRADING to +0 helmet.
   595 | D:1      | 595 ||| READING scroll labelled LENEMN ZISYMPO.
   598 | D:1      | 598 ||| READING scroll labelled ACYOKK MUJA.
   599 | D:1      | 599 ||| DROPPING scroll of poison.
   767 | D:2      | Reached XP level 3. HP: 21/21 MP: 4/4
   876 | D:2      | Reached skill level 1 in Armour
   966 | D:2      | Reached XP level 4. HP: 26/26 MP: 5/5
  1221 | D:2      | Found a faded altar of an unknown god.
  1285 | D:2      | 1285 ||| READING scroll labelled BEUFITHIUSK.
  1286 | D:2      | 1286 ||| READING scroll labelled KOQEOG SOMOLELE.
  1286 | D:2      | Identified a scroll of acquirement
  1286 | D:2      | 1286 ||| ACQUIRING amulet "Xon Genkost" {Spirit rC- Dex+5}
  1286 | D:2      | Acquired the amulet "Xon Genkost" {Spirit rC- Dex+5}
  1288 | D:2      | 1288 ||| UPGRADING to amulet "Xon Genkost" {Spirit rC-
                  | Dex+5}.
  1472 | D:3      | HP: 6/26 [rat (1)]
  1475 | D:3      | Reached skill level 4 in Ranged Weapons
  1570 | D:3      | Identified the +2 falchion of Wabifegh {venom, Drain rF+
                  | Will++ Int+3}
  1623 | D:3      | Reached XP level 5. HP: 28/30 MP: 4/6
  1766 | D:3      | 1766 ||| Stepping ~*~*~tactically~*~*~ (outnumbered).
  1775 | D:3      | Reached skill level 5 in Ranged Weapons
  1787 | D:3      | Reached skill level 3 in Fighting
  1787 | D:3      | Reached XP level 6. HP: 27/37 MP: 3/7
  2348 | D:3      | 2348 ||| DRINKING 2 puce potions.
  2349 | D:3      | 2349 ||| READING 2 scrolls of identify.
  2349 | D:3      | 2349 ||| IDENTIFYING murky sapphire potion
  2350 | D:3      | 2350 ||| DROPPING potion of brilliance.
  2719 | D:4      | HP: 2/37 [ogre/+0 giant club (17)]
  2720 | D:4      | 2720 ||| READING 3 scrolls of teleportation.
  2720 | D:4      | Demolished by an ogre

Levels and vault maps discovered:
D:1:      psy_arrival_conway, layout_loops_cross
D:2:      layout_loops_ring, shapermc_ecumenical_altar_petra
D:3:      layout_basic, minmay_fountain_box
D:4:      layout_basic, lemuel_round_altar, uniq_menkaure, uniq_edmund

Skill      XL: |  1  2  3  4  5 |
---------------+----------------+-----
Ranged Weapons | 3 4 5 |  5.4
Fighting       | 2 3 |  3.1
Armour         | 1 |  1.3
Dodging        | |  1.5
Spellcasting   | |  1.0
Hexes          | |  2.6

Action                     |  1- 3 |  4- 6 || total
---------------------------+-------+-------++-------
   Fire: Sling             |   105 |   141 ||   246
    Use: Scroll            |     2 |     4 ||     6
         Potion            |       |     1 ||     1
 Armour: Robe              |     1 |       ||     1
         Ring mail         |    25 |    46 ||    71
  Dodge: Dodged            |    26 |    53 ||    79

Table legend:
 A = Non-vault XP
 B = Vault XP
 C = Vault XP percentage of total XP
 D = Non-vault monster count
 E = Vault monster count
 F = Vault count percentage of total count
                 A         B        C        D         E       F
            +---------+---------+-------+---------+---------+-------
      Total |     370 |       0 |   0.0 |      64 |       0 |   0.0
            +---------+---------+-------+---------+---------+-------
        D:1 |      23 |       0 |   0.0 |       6 |       0 |   0.0
        D:2 |      65 |       0 |   0.0 |      26 |       0 |   0.0
        D:3 |     270 |       0 |   0.0 |      26 |       0 |   0.0
        D:4 |      12 |       0 |   0.0 |       6 |       0 |   0.0
            +---------+---------+-------+---------+---------+-------
